 Dungeon Crawl Stone Soup version 0.31-a0-196-g86fe4a5e66 (webtiles) character file.

Game seed: 2191746008059074243

237557 ragingrage the Warrior (level 18, -6/163 HPs)
             Began as a Black Draconian Gladiator on June 24, 2023.
             Was the Champion of Okawaru.
             Mangled by a peacekeeper (25 damage)
             ... in the Desolation of Salt.
             The game lasted 01:09:35 (41282 turns).

ragingrage the Warrior (Black Draconian Gladiator) Turns: 41282, Time: 01:09:36

Health: -6/163     AC: 28    Str: 16    XL:     18   Next: 53%
Magic:  8/34       EV: 17    Int: 15    God:    Okawaru [******]
Gold:   1865       SH: 17    Dex: 14    Spells: 12/23 levels left

rFire   . . .        b - +9 demon blade (drain)
rCold   . . .        Y - +5 Storm Queen's Shield {shock, Fly rElec}
rNeg    . . .        (body armour unavailable)
rPois   +            A - +1 hat of Cloud Cover {rElec Regen+ Dex-5 SInv}
rElec   +            F - +2 cloak {rPois}
rCorr   .            Z - +2 pair of gloves of the Lotus Blossom {*Corrode MP+9 Int+4}
SInv    +            q - +2 pair of boots {Stlth+}
Will    +....        l - amulet of regeneration
Stlth   +++          p - +4 ring of protection
HPRegen 2.07/turn    J - +4 ring of protection
MPRegen 0.24/turn

%: corrode self (3%)
@: flying, studying Unarmed Combat
A: breathe lightning, AC +10, unfitting armour, big wings, electricity
resistance, cold-blooded
}: 2/15 runes: decaying, gossamer
a: Breathe Lightning, Renounce Religion, Heroism, Finesse, Duel


You were in the Desolation of Salt.
You worshipped Okawaru.
Okawaru was exalted by your worship.
You visited 7 branches of the dungeon, and saw 32 of its levels.
You also visited: Trove, Sewer, Bailey, Gauntlet, Ice Cave and Desolation.

You collected 3042 gold pieces.
You spent 1177 gold pieces at shops.

Inventory:

Hand Weapons
 b - a +9 demon blade of draining (weapon)
Missiles
 d - 18 javelins
 g - 25 boomerangs
 E - 5 throwing nets
 P - 7 silver javelins
Armour
 q - a +2 pair of boots of stealth (worn)
 A - the +1 hat of Cloud Cover (worn) {rElec Regen+ Dex-5 SInv}
   (Okawaru gifted it to you on level 2 of the Orcish Mines)

   Dex:       It affects your dexterity (-5).
   rElec:     It insulates you from electricity.
   SInv:      It lets you see invisible.
   Regen:     It increases your rate of health regeneration.
 F - a +2 cloak of poison resistance (worn)
 Y - the +5 Storm Queen's Shield (worn) {shock, Fly rElec}
   (You found it in a Gauntlet)

   Shock:     When it blocks an attack, it may electrocute the attacker.
   This works even against foes who are a short distance away.
   rElec:     It insulates you from electricity.
   Fly:       It grants you flight.
 Z - the +2 pair of gloves of the Lotus Blossom (worn) {*Corrode MP+9 Int+4}
   (Okawaru gifted it to you on level 5 of the Lair of Beasts)

   Int:       It affects your intelligence (+4).
   MP:        It affects your magic capacity (+9).
   *Corrode:  It may corrode you when you take damage.
Jewellery
 l - an amulet of regeneration (around neck)
 n - a ring of see invisible
 o - a ring of protection from cold
 p - a +4 ring of protection (left hand)
 u - the ring "Cunefog" {rN+ Int+4}
   (You took it off a centaur warrior on level 14 of the Dungeon)

   [ring of positive energy]

   Int:       It affects your intelligence (+4).
   rN:        It protects you from negative energy.
 J - a +4 ring of protection (right hand)
Wands
 v - a wand of acid (12)
 Q - a wand of digging (1)
 R - a wand of iceblast (24)
Scrolls
 f - 12 scrolls of teleportation
 k - 2 scrolls of revelation
 t - 4 scrolls of fog
 B - 10 scrolls of immolation
 C - 8 scrolls of fear
 G - 5 scrolls of vulnerability
 M - a scroll of silence
 S - 12 scrolls of blinking
 W - 4 scrolls of poison
Potions
 h - 3 potions of lignification
 i - 4 potions of cancellation
 r - a potion of heal wounds
 s - 9 potions of attraction
 w - 4 potions of berserk rage
 x - 5 potions of enlightenment
 z - 5 potions of mutation
 D - 7 potions of brilliance
 H - 2 potions of resistance
 K - 7 potions of invisibility
 L - 3 potions of magic
 O - 5 potions of haste
 T - 4 potions of curing
 U - 9 potions of ambrosia
 V - 3 potions of might
Miscellaneous
 e - a lightning rod (4/4)
 m - a phial of floods
 N - a condenser vane (inert)


   Skills:
 - Level 15.0 Fighting
 - Level 6.9(11.6) Short Blades
 - Level 14.4(15.0) Long Blades
 + Level 8.9 Throwing
 - Level 13.0 Dodging
 + Level 3.1 Stealth
 - Level 13.3 Shields
 - Level 3.0 Spellcasting
 - Level 12.0 Translocations
 - Level 7.0 Transmutations
 - Level 5.0 Air Magic
 - Level 10.0 Invocations
 - Level 12.0 Evocations


You had 12 spell levels left.
You knew the following spells:

 Your Spells              Type           Power      Damage    Failure   Level
a - Wereblood             Tmut           23%        N/A       3%          2
b - Manifold Assault      Tloc           38%        N/A       2%          4
c - Swiftness             Air            17%        N/A       14%         3
d - Blink                 Tloc           76%        N/A       1%          2

Your spell library contained the following spells:

 Spells                   Type           Power      Damage    Failure   Level
 Passage of Golubria      Tloc           38%        N/A       2%          4
 Portal Projectile        Hex/Tloc       40%        N/A       10%         3
 Passwall                 Tmut/Erth      10%        N/A       13%         2
 Poisonous Vapours        Pois/Air       18%        N/A       21%         2
 Magic Dart               Conj           8%         1d3       36%         1
 Dispersal                Tloc           19%        N/A       38%         6
 Ignite Poison            Fire/Tmut/Pois 9%         N/A       41%         3
 Ensorcelled Hibernation  Hex/Ice        4%         N/A       50%         2
 Sublimation of Blood     Necr           2%         N/A       50%         2
 Mephitic Cloud           Conj/Pois/Air  7%         N/A       50%         3
 Blade Hands              Tmut           11%        N/A       50%         5
 Ice Form                 Ice/Tmut       12%        N/A       65%         4
 Petrify                  Tmut/Erth      12%        N/A       65%         4
 Frozen Ramparts          Ice            4%         1d1       73%         3
 Stone Arrow              Conj/Erth      4%         3d7       73%         3
 Alistair's Intoxication  Tmut/Pois      8%         N/A       94%         5
 Leda's Liquefaction      Hex/Erth       1%         N/A       98%         4
 Sticky Flame             Conj/Fire      2%         2d3       98%         4
 Silence                  Hex/Air        4%         N/A       98%         5
 Freezing Cloud           Conj/Ice/Air   3%         6-21      99%         5
 Borgnjor's Vile Clutch   Necr/Erth      1%         N/A       100%        5
 Lee's Rapid Deconstruct  Erth           1%         3d4*      100%        5
 Eringya's Noxious Bog    Tmut/Pois      6%         N/A       100%        6
 Leda's Unmaking          Conj/Erth      1%         9d1       100%        6
 Statue Form              Tmut/Erth      8%         N/A       100%        6
 Orb of Destruction       Conj           1%         9d5       100%        7
 Storm Form               Tmut/Air       10%        N/A       100%        7
 Disjunction              Tloc           19%        N/A       100%        8
 Ignition                 Fire           1%         3d3       100%        8
 Lehudib's Crystal Spear  Conj/Erth      1%         10d2      100%        8
 Maxwell's Capacitive Co  Air            8%         ∞         100%        8
 Call Imp                 Summ           Unusable   N/A       N/A         2
 Summon Forest            Summ/Tloc      Unusable   N/A       N/A         5
 Summon Guardian Golem    Hex/Summ       Unusable   N/A       N/A         3
 Tukima's Dance           Hex            Unusable   N/A       N/A         3
 Summon Ice Beast         Ice/Summ       Unusable   N/A       N/A         4
 Spellforged Servitor     Conj/Summ      Unusable   N/A       N/A         7
 Summon Hydra             Summ           Unusable   N/A       N/A         7

Dungeon Overview and Level Annotations

Branches:
Dungeon (15/15)            Temple (1/1) D:7            Lair (5/5) D:10
  Swamp (4/4) Lair:2       Spider (4/4) Lair:2        Slime (0/5) Lair:5
    Orc (2/2) D:11            Elf (1/3) Orc:2        Vaults (0/5) D:13
 Depths (0/4) D:15          Sewer (visited)          Bailey (visited)
  IceCv (visited)         Desolation (1/1)          Gauntlet (visited)

Altars:
Ashenzari
Cheibriados
Dithmenos
Elyvilon
Fedhas
Gozag
Hepliaklqana
Kikubaaqudgha
Makhleb
Nemelex Xobeh
Okawaru
Qazlal
Ru
Sif Muna
Trog
Uskayaw
Vehumet
Wu Jian
Xom
Yredelemnul
Zin
The Shining One
Jiyva

Shops:
D:8 ?   Orc:2 :([*(:

Annotations:
Elf:1 2 exclusions


Innate Abilities, Weirdness & Mutations

You can breathe wild blasts of lightning.
Your glossy black scales are hard. (AC +10)
You cannot fit into any form of body armour.
Your large and strong wings let you fly.
You are resistant to electric shocks. (rElec)
You are cold-blooded and may be slowed by cold attacks.


Message History

The peacekeeper resists.
You block the peacekeeper's attack. x2
You barely miss the peacekeeper. You block the peacekeeper's attack.
The peacekeeper completely misses you. You block the saltling's attack.
Your shield discharges, shocking the saltling!
The peacekeeper roars a battlecry!
The peacekeeper goes into a battle-frenzy!
You hit the peacekeeper but do no damage.
The saltling no longer looks unusually strong.
You block the peacekeeper's attack.
Your shield discharges, shocking the peacekeeper!
The peacekeeper resists.
The peacekeeper closely misses you. The peacekeeper bites you!!
The peacekeeper misses you. The saltling hits you!
* * * LOW HITPOINT WARNING * * *
You hit the peacekeeper but do no damage.
The peacekeeper closely misses you.
The peacekeeper claws you but does no damage.
You block the peacekeeper's attack.
Your shield discharges, shocking the peacekeeper!
The peacekeeper resists.
The peacekeeper claws you but does no damage.
The saltling hits you but does no damage.
The peacekeeper misses you. The peacekeeper claws you!
* * * LOW HITPOINT WARNING * * *
Okay, then.
You slash the peacekeeper! The peacekeeper misses you.
You block the peacekeeper's attack. You block the saltling's attack.
Your shield discharges, shocking the saltling!
You destroy the saltling!
Okawaru accepts your kill. The peacekeeper bites you!!
* * * LOW HITPOINT WARNING * * *
The peacekeeper barely misses you.
You feel much better. The peacekeeper bites you!
* * * LOW HITPOINT WARNING * * *
The peacekeeper misses you. You block the peacekeeper's attack.
Your shield discharges, shocking the peacekeeper!
The peacekeeper resists.
The peacekeeper claws you.
* * * LOW HITPOINT WARNING * * *
The peacekeeper bites you!!
You die...

.§§§§§..... ...
§§§§.§.... ....
§§§§§...........
§§..§....#.......
§.§§§§...#........
§§.§§§.............
§.§§§..99...........
.§§§...@.......#....
................#...
....................
....................
............∩.......
....................
............∩.......
......##............
......#.............


You could see 2 peacekeepers.

Vanquished Creatures
  Nikola (Swamp:2)
  Arachne (Spider:3)
  Mlioglotl (Swamp:4)
  Jorgrun (Swamp:3)
  Rupert (D:14)
  6 emperor scorpions
  2 angels (Elf:1)
  A ghost moth (Spider:3)
  2 orc warlords
  7 broodmothers
  Aizul (Spider:1)
  A caustic shrike skeleton (D:15)
  2 very ugly things
  2 eleionomae (Swamp:1)
  4 bunyips
  A spark wasp (Spider:2)
  A minotaur (Gauntlet)
  2 green deaths (Swamp:4)
  Josephine (Lair:4)
  An entropy weaver (shapeshifter) (Lair:5)
  An entropy weaver (Spider:4)
  A caustic shrike simulacrum (IceCv)
  A great orb of eyes (Swamp:4)
  A vault guard (D:13)
  15 hydras
  An ogre mage (D:15)
  6 centaur warriors
  A jorogumo (Spider:3)
  3 ghost crabs
  2 hell beasts (Swamp:4)
  10 two-headed ogres
  9 alligators
  4 dancing weapons (Elf:1)
  3 radroaches
  5 boulder beetles
  10 death yaks
  The ghost of superbruh the Spear-Bearer, a journeyman TeCj of Vehumet (D:10)
  6 demonic crawlers
  4 tengu warriors (D:14)
  3 orc high priests (Orc:2)
  The ghost of rinse the Nimble, a novice KoDe of Gozag (D:9)
  2 deep elf knights (Elf:1)
  Amaemon (Lair:1)
  7 skeletal warriors
  4 goliath frogs
  2 spark wasp zombies (D:15)
  2 skysharks
  9 pharaoh ants
  3 spriggan druids
  9 orb spiders
  5 swamp dragons
  2 flayed ghosts
  2 sun moths
  10 bog bodies
  A necromancer (D:15)
  2 wizards (Gauntlet)
  A spectral hydra (Lair:2)
  A deep elf archer (Elf:1)
  7 steelbarb worms
  A phantasmal warrior (D:14)
  6 orc knights
  7 deep elf pyromancers
  4 harpies (D:14)
  4 orc sorcerers
  27 ugly things
  18 wolf spiders
  7 cyclopes
  A mana viper (shapeshifter) (D:15)
  5 will-o-the-wisps
  5 deep elf zephyrmancers (Elf:1)
  A frost giant zombie (D:15)
  4 moths of wrath
  A manticore (D:14)
  2 black mambas (Lair:5)
  Joseph (D:7)
  A smoke demon (Lair:5)
  10 elephants (Lair:5)
  3 torpor snails
  2 gargoyles
  2 orange demons
  Maggie (D:6)
  13 cane toads
  An unseen horror (D:11)
  4 freezing wraiths
  A kobold demonologist (D:14)
  Psyche (D:9)
  4 rime drakes
  An efreet (D:14)
  12 komodo dragons
  A yaktaur (D:14)
  3 golden dragon simulacra (IceCv)
  7 meliai
  2 polar bears
  4 hornets
  A queen bee (Spider:2)
  5 tyrant leeches
  3 saltlings (Desolation)
  A spectral elephant (Lair:2)
  25 tarantellas
  5 trolls
  A blink frog (shapeshifter) (D:14)
  11 dream sheep
  22 blink frogs
  16 culicivoras
  19 jumping spiders
  Sigmund (D:3)
  4 large abominations
  3 vampires
  7 spriggans
  9 slime creatures (Swamp:4)
  5 shadows
  12 wraiths
  An air elemental (Elf:1)
  32 yaks
  7 wyverns
  A fire elemental (Elf:1)
  A neqoxec (Gauntlet)
  2 fire bats (D:11)
  5 vampire mosquitoes
  3 steam dragons
  7 basilisks
  3 chaos spawn (Gauntlet)
  51 redbacks
  17 swamp worms
  4 wargs
  A spectral cane toad (Lair:2)
  2 harpy simulacra (IceCv)
  A swamp worm (shapeshifter) (D:14)
  15 water moccasins
  Duvessa (D:7)
  A sky beast (D:6)
  An ettin simulacrum (IceCv)
  30 orc warriors
  2 swamp drakes (Swamp:2)
  3 black bears
  6 ogres
  5 ice beasts
  18 wolves
  12 small abominations
  A phantom (D:5)
  5 centaurs
  Blork the orc (D:6)
  9 kobold brigands
  A spectral water moccasin (Lair:2)
  16 bullfrogs
  A bullfrog (shapeshifter) (D:14)
  2 scorpions
  2 gnoll sergeants
  11 wights
  Dowan (D:7)
  24 killer bees
  A spectral wolf (Lair:2)
  A lindwurm simulacrum (IceCv)
  8 vampire bats (Bailey)
  4 electric eels (D:11)
  2 howler monkeys
  5 wolf zombies (Bailey)
  5 hounds
  5 jellies
  26 orc priests
  Crazy Yiuf (D:7)
  Ijyb (D:3)
  A sleepcap (D:8)
  2 gnoll boudas
  22 orc wizards
  4 iguanas
  24 gnolls
  9 adders
  3 river rats
  4 shadow imps
  3 white imps (Gauntlet)
  2 ufetubi
  6 worms
  A dart slug (D:2)
  77 orcs
  7 endoplasms
  2 giant cockroaches
  7 goblins
  3 hobgoblins
  6 jackals
  18 kobolds
  5 quokkas
  13 ball pythons
  11 bats
  5 frilled lizards
  21 orc zombies (Bailey)
  10 rats
1145 creatures vanquished.

Vanquished Creatures (others)
  A deep elf knight (Elf:1)
  An orange demon (Swamp:4)
  4 bloated husks
  A small abomination (Lair:5)
  A wight (D:6)
  5 orcs
  34 foxfires
47 creatures vanquished.

Grand Total: 1192 creatures vanquished

Notes
Turn   | Place    | Note
-------+----------+-------------------------------------------
     0 | D:1      | ragingrage the Draconian Gladiator began the quest for the
                  | Orb.
     0 | D:1      | Reached XP level 1. HP: 17/17 MP: 1/1
    97 | D:1      | Found a faded altar of an unknown god.
   177 | D:1      | Reached XP level 2. HP: 24/24 MP: 2/2
   868 | D:2      | Reached XP level 3. HP: 27/29 MP: 3/3
  1109 | D:2      | Reached XP level 4. HP: 36/36 MP: 4/4
  1257 | D:1      | Reached skill level 5 in Long Blades
  1818 | D:3      | Found a sacrificial altar of Ru.
  1862 | D:3      | Noticed Ijyb
  1871 | D:3      | Reached XP level 5. HP: 41/41 MP: 5/5
  1899 | D:3      | Killed Ijyb
  1992 | D:3      | Noticed Sigmund
  2370 | D:3      | Identified the +1 dagger "Agadwo" {drain, rElec rPois rC+
                  | Will+}
  2748 | D:3      | Killed Sigmund
  2749 | D:3      | Reached XP level 6. HP: 48/48 MP: 6/6
  2766 | D:3      | Became a worshipper of Ru the Awakened
  3180 | D:4      | Found an ornate altar of the Wu Jian Council.
  3180 | D:4      | Found a shimmering altar of Xom.
  3220 | D:4      | Your scales start taking on a glossy black colour.
  3220 | D:4      | Reached XP level 7. HP: 55/55 MP: 7/7
  3220 | D:4      | Gained mutation: You are resistant to electric shocks.
                  | (rElec) [Black Draconian growth]
  3890 | D:5      | Entered Level 5 of the Dungeon
  4057 | D:5      | Reached skill level 5 in Short Blades
  4153 | D:5      | Reached XP level 8. HP: 61/61 MP: 8/8
  4342 | D:5      | Found a glowing drain.
  4369 | Sewer    | Entered a sewer
  4373 | Sewer    | Learned a level 2 spell: Blink
  4433 | Sewer    | Reached skill level 1 in Translocations
  4961 | Sewer    | Learned a level 4 spell: Manifold Assault
  5299 | D:5      | Reached XP level 9. HP: 55/67 MP: 9/9
  5885 | D:6      | Noticed Blork the orc
  5897 | D:6      | Killed Blork the orc
  6111 | D:6      | Reached skill level 5 in Translocations
  6131 | D:6      | Noticed Maggie
  6199 | D:6      | Killed Maggie
  6256 | D:6      | Found a broken altar of Ashenzari.
  6522 | D:6      | Reached skill level 10 in Long Blades
  6547 | D:6      | Found a hazy altar of Hepliaklqana.
  6866 | D:6      | Fell from the grace of Ru
  7106 | D:6      | Found a stormy altar of Qazlal.
  7647 | D:7      | Found a flagged portal.
  7653 | Bailey   | Entered a bailey
  8091 | Bailey   | Noticed a gargoyle
  8115 | Bailey   | Killed a gargoyle
  8116 | Bailey   | Reached XP level 10. HP: 35/73 MP: 10/10
  8281 | Bailey   | Got Iffekoir's Discursus on Breccia
  8497 | D:7      | Noticed Duvessa
  8512 | D:7      | Killed Duvessa
  8515 | D:7      | Noticed Dowan
  8523 | D:7      | Killed Dowan
  9036 | D:7      | Noticed Joseph
  9062 | D:7      | Killed Joseph
  9183 | D:7      | Found a staircase to the Ecumenical Temple.
  9189 | Temple   | Entered the Ecumenical Temple
  9189 | Temple   | Found a transporter.
  9189 | Temple   | Found a transporter.
  9191 | Temple   | Found a transporter.
  9191 | Temple   | Found a transporter.
  9216 | Temple   | Became a worshipper of Warmaster Okawaru
  9297 | D:7      | Found a runed translucent door.
  9298 | D:7      | Noticed Crazy Yiuf
  9635 | D:8      | Reached skill level 3 in Fighting
  9869 | D:8      | Found a basalt altar of Yredelemnul.
  9952 | D:8      | Found Kizosko's Magic Scroll Boutique.
  9960 | D:8      | Bought a scroll of fear for 56 gold pieces
  9960 | D:8      | Bought a scroll of blinking for 105 gold pieces
 10126 | D:8      | Found a white marble altar of Elyvilon.
 10133 | D:8      | Reached * piety under Okawaru
 10525 | D:9      | Noticed Psyche
 10534 | D:9      | Killed Psyche
 10535 | D:9      | Reached XP level 11. HP: 83/83 MP: 11/11
 10631 | D:9      | Reached skill level 4 in Fighting
 11178 | D:9      | Found a large runed translucent door.
 11178 | D:9      | Found a large runed translucent door.
 11180 | D:9      | Noticed rinse's ghost (novice KoDe)
 11441 | D:10     | Entered Level 10 of the Dungeon
 11458 | D:10     | Found a blossoming altar of Fedhas.
 11668 | D:9      | Reached skill level 5 in Throwing
 11711 | D:10     | Found a bloodstained altar of Trog.
 11746 | D:10     | Found a glowing silver altar of Zin.
 11806 | D:10     | Found an ancient bone altar of Kikubaaqudgha.
 11807 | D:10     | Found a shadowy altar of Dithmenos.
 11890 | D:10     | Found a runed translucent gate.
 11900 | D:10     | Found a runed translucent gate.
 11903 | D:10     | Noticed a 12-headed hydra
 11903 | D:10     | Noticed superbruh's ghost (journeyman TeCj)
 11904 | D:10     | Found a runed translucent gate.
 11918 | D:10     | Noticed a two-headed ogre
 11958 | D:10     | Killed a two-headed ogre
 11958 | D:10     | Reached ** piety under Okawaru
 12058 | D:10     | Found a staircase to the Lair.
 12079 | D:10     | Reached skill level 5 in Fighting
 12403 | D:7      | Killed Crazy Yiuf
 12716 | D:11     | Reached skill level 5 in Dodging
 12802 | D:11     | Reached *** piety under Okawaru
 12978 | D:11     | Reached skill level 6 in Fighting
 13112 | D:11     | Found a runed translucent door.
 13142 | D:11     | Found an ornate altar of the Wu Jian Council.
 13151 | D:11     | Found a broken altar of Ashenzari.
 13164 | D:11     | Found an iron altar of Okawaru.
 13181 | D:11     | Noticed a flayed ghost
 13210 | D:11     | Found a hazy altar of Hepliaklqana.
 13222 | D:11     | Found a shadowy altar of Dithmenos.
 13256 | D:11     | Received a gift from Okawaru
 13292 | D:11     | Found a hazy altar of Hepliaklqana.
 13476 | D:11     | Reached skill level 7 in Fighting
 13581 | D:11     | Found a staircase to the Orcish Mines.
 14121 | D:12     | You fall into a shaft and drop 1 floor!
 14392 | D:12     | Noticed a white ugly thing
 14468 | Lair:1   | Entered Level 1 of the Lair of Beasts
 14540 | D:10     | Reached **** piety under Okawaru
 14551 | D:10     | Reached XP level 12. HP: 101/101 MP: 12/12
 14616 | Lair:1   | Reached skill level 8 in Fighting
 15534 | Lair:1   | Received a gift from Okawaru
 15535 | Lair:1   | Reached skill level 1 in Shields
 15583 | Lair:1   | Noticed a death yak
 15583 | Lair:1   | Noticed a death yak
 15583 | Lair:1   | Noticed a death yak
 15982 | Lair:1   | Killed a death yak
 15983 | Lair:1   | Reached skill level 1 in Invocations
 16048 | D:10     | Killed a death yak
 16084 | D:10     | Killed a death yak
 16084 | D:10     | Reached ***** piety under Okawaru
 16085 | D:10     | Reached skill level 9 in Fighting
 16208 | Lair:1   | Noticed Amaemon
 16269 | Lair:1   | Killed Amaemon
 16269 | Lair:1   | Received a gift from Okawaru
 16496 | Lair:2   | Found a gate leading to a gauntlet.
 16545 | Lair:2   | Noticed a four-headed hydra
 16557 | Lair:2   | Killed a four-headed hydra
 16558 | Lair:2   | Reached skill level 5 in Shields
 16580 | Gauntlet | Entered a Gauntlet
 16580 | Gauntlet | Noticed a death scarab
 16580 | Gauntlet | Found a transporter.
 16580 | Gauntlet | Found a transporter.
 16588 | Gauntlet | Found a transporter.
 16592 | Gauntlet | Found a transporter.
 16601 | Gauntlet | Found a transporter.
 16604 | Gauntlet | Found a transporter.
 16612 | Gauntlet | Found a transporter.
 16626 | Gauntlet | Found a runed translucent door.
 16628 | Gauntlet | Found a transporter.
 16630 | Gauntlet | Found a runed translucent door.
 16631 | Gauntlet | Noticed a hell hog
 16642 | Gauntlet | Found a transporter.
 16646 | Gauntlet | Found a transporter.
 16654 | Gauntlet | Found a transporter.
 16658 | Gauntlet | Found a transporter.
 16889 | Gauntlet | Found the +5 Storm Queen's Shield {shock, Fly rElec}
 16889 | Gauntlet | Identified the +3 shortbow of Incongruity {heavy, rF+}
 16889 | Gauntlet | Noticed a minotaur
 16893 | Gauntlet | Killed a minotaur
 17037 | Lair:2   | Received a gift from Okawaru
 17084 | Lair:2   | Reached skill level 10 in Fighting
 17152 | Lair:2   | Reached XP level 13. HP: 113/113 MP: 16/16
 17224 | Lair:2   | Found a hole to the Spider Nest.
 17298 | Lair:2   | Reached skill level 5 in Invocations
 17719 | Lair:3   | Reached skill level 1 in Evocations
 17784 | Lair:3   | Identified the +8 broad axe of Lewyat {flame, Str+5 SInv}
 18064 | Lair:3   | Reached skill level 10 in Shields
 18723 | Lair:4   | Noticed Josephine
 18726 | Lair:4   | Reached ****** piety under Okawaru
 18750 | Lair:4   | Killed Josephine
 18920 | Lair:4   | Received a gift from Okawaru
 19250 | Lair:4   | Found a shimmering altar of Xom.
 19603 | Lair:5   | Entered Level 5 of the Lair of Beasts
 19671 | Lair:5   | Identified the +2 pair of gloves of the Lotus Blossom
                  | {*Corrode MP+9 Int+4} (Okawaru gifted it to you on level 5
                  | of the Lair of Beasts)
 19671 | Lair:5   | Received a gift from Okawaru
 19841 | Lair:5   | Gained mutation: Your large and strong wings let you fly.
                  | [Black Draconian growth]
 19841 | Lair:5   | Reached XP level 14. HP: 121/121 MP: 19/19
 19920 | Lair:5   | Reached skill level 10 in Dodging
 19968 | Lair:5   | Reached skill level 5 in Evocations
 20327 | Lair:5   | Found a viscous altar of Jiyva.
 20327 | Lair:5   | Found a staircase to the Slime Pits.
 20635 | Lair:5   | Received a gift from Okawaru
 21440 | D:13     | Received a gift from Okawaru
 21920 | D:13     | Identified the scarf of Fiacs {repulsion, rPois rF+ Int+3}
                  | (Okawaru gifted it to you on level 13 of the Dungeon)
 21920 | D:13     | Received a gift from Okawaru
 22024 | D:13     | Found the +10 Black Knight's barding {ponderous, rPois rN+}
 22048 | D:13     | Reached skill level 11 in Fighting
 22096 | D:13     | Found a gate to the Vaults.
 22552 | D:15     | Entered Level 15 of the Dungeon
 22693 | D:14     | Noticed Rupert
 22703 | D:14     | Paralysed by Rupert for 5 turns
 22716 | D:14     | Killed Rupert
 22862 | D:14     | Reached XP level 15. HP: 132/132 MP: 21/21
 22916 | D:14     | Reached skill level 12 in Fighting
 22925 | D:14     | Identified the ring "Cunefog" {rN+ Int+4}
 23044 | D:14     | Identified the +4 rapier "Gaub" {vamp, Str+4}
 23262 | D:14     | Received a gift from Okawaru
 23929 | Orc:1    | Entered Level 1 of the Orcish Mines
 24597 | Orc:2    | Entered Level 2 of the Orcish Mines
 24683 | Orc:2    | Found Qoal's Weapon Boutique.
 24696 | Orc:2    | Found a staircase to the Elven Halls.
 24704 | Orc:2    | Found Songewno's Book Emporium.
 24733 | Orc:2    | Bought a book of Burglary for 240 gold pieces
 24737 | Orc:2    | Learned a level 3 spell: Swiftness
 24781 | Orc:2    | Identified the +1 hat of Cloud Cover {rElec Regen+ Dex-5
                  | SInv} (Okawaru gifted it to you on level 2 of the Orcish
                  | Mines)
 24781 | Orc:2    | Received a gift from Okawaru
 25092 | Orc:2    | Reached skill level 1 in Air Magic
 25396 | Orc:1    | Paralysed by an orc sorcerer for 4 turns
 25555 | Orc:2    | Paralysed by an orc sorcerer for 3 turns
 25604 | Orc:2    | Paralysed by an orc sorcerer for 2 turns
 25924 | Orc:2    | Found Ygezaqot's Antique Armour Emporium.
 25925 | Orc:2    | Found Qauraeps's Antique Weapon Emporium.
 25927 | Orc:2    | Found Sacset's General Store.
 25927 | Orc:2    | Found Ricy's Book Shoppe.
 25943 | Orc:2    | Bought a wand of acid (6) for 378 gold pieces
 25943 | Orc:2    | Bought a potion of might for 60 gold pieces
 25944 | Orc:2    | Bought a book of Blood for 308 gold pieces
 25947 | Orc:2    | Learned a level 2 spell: Wereblood
 26712 | D:15     | Found a staircase to the Depths.
 26894 | D:14     | Reached skill level 13 in Fighting
 27201 | D:15     | Received a gift from Okawaru
 27245 | D:15     | Found a portal to a secret trove of treasure.
 27575 | Trove    | Entered a treasure trove
 27815 | Orc:2    | Bought a scroll of identify for 30 gold pieces
 28191 | Spider:1 | Entered Level 1 of the Spider Nest
 28191 | Spider:1 | Noticed Aizul
 28470 | D:9      | Killed rinse's ghost
 28471 | D:9      | Reached XP level 16. HP: 141/142 MP: 22/22
 28529 | D:10     | Killed superbruh's ghost
 28806 | Lair:2   | Found a staircase to the Swamp.
 28832 | Swamp:1  | Entered Level 1 of the Swamp
 29012 | Swamp:1  | Identified a scroll of acquirement
 29012 | Swamp:1  | Acquired a +5 demon blade of draining
 29176 | Swamp:1  | Reached skill level 1 in Transmutations
 29696 | Swamp:2  | Noticed Nikola
 29771 | Swamp:2  | Killed Nikola
 29929 | Swamp:2  | Found a frozen archway.
 29961 | IceCv    | Entered an ice cave
 29997 | IceCv    | Found a transporter.
 30015 | IceCv    | Found a transporter.
 30235 | Swamp:2  | Got the Guide on the Panacea and Scree
 30548 | Swamp:3  | Reached skill level 5 in Transmutations
 31182 | Swamp:3  | Noticed Jorgrun
 31199 | Swamp:3  | Killed Jorgrun
 31782 | Swamp:4  | Entered Level 4 of the Swamp
 31854 | Swamp:4  | Reached skill level 10 in Translocations
 31875 | Swamp:4  | Received a gift from Okawaru
 32060 | Swamp:4  | Received a gift from Okawaru
 32074 | Swamp:4  | Noticed Mlioglotl
 32399 | Swamp:4  | Noticed a tentacled starspawn
 32403 | Swamp:4  | Killed Mlioglotl
 32554 | Swamp:4  | Received a gift from Okawaru
 32555 | Swamp:4  | Reached XP level 17. HP: 147/148 MP: 23/23
 32587 | Swamp:4  | Reached skill level 1 in Spellcasting
 32969 | Swamp:4  | Received a gift from Okawaru
 33147 | Swamp:4  | Got a decaying rune of Zot
 33378 | Spider:1 | Killed Aizul
 33391 | Spider:1 | Received a gift from Okawaru
 33568 | Spider:1 | Received a gift from Okawaru
 33963 | Spider:1 | Reached skill level 14 in Fighting
 34096 | Spider:1 | Reached skill level 5 in Air Magic
 34707 | Spider:2 | Received a gift from Okawaru
 34777 | Spider:2 | Upgraded the game from 0.31-a0-188-g5e087ee2ca to
                  | 0.31-a0-196-g86fe4a5e66
 35375 | Spider:2 | Reached skill level 15 in Fighting
 36829 | Spider:3 | Noticed Arachne
 36865 | Spider:3 | Killed Arachne
 37043 | Spider:3 | Received a gift from Okawaru
 37616 | Spider:3 | Reached skill level 10 in Evocations
 38550 | Spider:4 | Entered Level 4 of the Spider Nest
 38565 | Spider:4 | Identified the -2 cloak of the Centipede {rElec} (Okawaru
                  | gifted it to you on level 4 of the Spider Nest)
 38565 | Spider:4 | Received a gift from Okawaru
 38762 | Spider:4 | Reached XP level 18. HP: 163/163 MP: 4/25
 38945 | Spider:4 | Reached skill level 10 in Invocations
 40266 | Spider:4 | Got a gossamer rune of Zot
 40908 | Elf:1    | Entered Level 1 of the Elven Halls
 40998 | Elf:1    | Paralysed by an air elemental for 1 turns
 41003 | Elf:1    | Paralysed by an air elemental for 1 turns
 41009 | Elf:1    | Received a gift from Okawaru
 41092 | Elf:1    | Found a crumbling gateway.
 41193 | Elf:1    | Found a glowing silver altar of Zin.
 41193 | Elf:1    | Found a white marble altar of Elyvilon.
 41195 | Elf:1    | Found a glowing golden altar of the Shining One.
 41258 | Desolati | Entered the Desolation of Salt
 41281 | Desolati | HP: 7/163 [peacekeeper (27)]
 41282 | Desolati | Mangled by a peacekeeper

Illustrated notes

Levels and vault maps discovered:
D:1:      saegor_arrival_under_anarchy, layout_basic, basic_ecumenical_altar
D:2:      layout_basic
D:3:      layout_loops_corners, mainiacjoe_overflow_catwalk, uniq_sigmund,
          uniq_ijyb
D:4:      layout_rooms, grunt_temple_overflow_open, serial_co_window_serial,
          co_window_paths_a, co_window_of_opportunity_a, co_window_corner_a,
          co_window_paths_b, co_window_paths_a, co_window_corner_a,
          co_window_corner_a, co_window_cross_1, co_window_of_opportunity_a,
          co_window_of_opportunity_b, co_window_2corner, co_window_cross_4,
          co_window_corner_cb, co_window_corner_cb, co_window_corner_b,
          glass_columns_a, glass_columns_a, glass_columns_c,
          corexii_corridor_pit
D:5:      layout_basic, portal_sewer_entry_b, minmay_door_square,
          eino_small_chamber_without_monster
D:6:      layout_basic, nzn_hepliaklqana_mist_gate,
          mainiacjoe_overflow_catwalk_spiral, uniq_blork_the_orc, uniq_maggie
D:7:      cheibrodos_barr_body, layout_loops_ring,
          minmay_temple_entry_enclosed_plants, enter_bailey_3,
          minmay_manual_mares, uniq_crazy_yiuf_cottage, uniq_joseph,
          uniq_duvessa
D:8:      layout_cave_pods, kennysheep_ying_yang, serial_shops, shop
D:9:      layout_stronghold, ebering_ghost_disaster_area, uniq_psyche
D:10:     layout_rooms, bloody_trog, kennysheep_mini, kennysheep_little_box,
          nicolae_overflow_squiral, david_lair_generic,
          gammafunk_ghost_hydra_chop
D:11:     due_megacathedral, layout_long_grid, orc_0_dummy, serial_bayou,
          serial_bayou_shore_a, serial_bayou_pond_e, serial_bayou_lake_a,
          serial_bayou_pond_b
D:12:     layout_basic
D:13:     layout_loops_corners, david_vaults_5, the_hattery
D:14:     minmay_expanding_squares, layout_stronghold,
          kennysheep_cluttered_room, grunt_decor_one_mirror, hangedman_aviary,
          uniq_rupert
D:15:     gammafunk_depths_entry_grave, layout_small_grid,
          minmay_misc_feat_columns, enter_trove_1
Temple:   hellmonk_temple_divided_pantheon
Lair:1:   layout_cave_pods, uniq_amaemon
Lair:2:   layout_hall_layers, nicolae_swamp_entry_spooky,
          nicolae_spider_entry_orb_guardian, gauntlet_entry_generic,
          grunt_megastairs_4
Lair:3:   dragon1_lemuel, layout_loops_ring, chequers_serial_rivers_micro_b,
          nicolae_lair_grazing_beasts [nicolae_sub_lair_graze_edge,
          nicolae_sub_lair_graze_edge, nicolae_sub_lair_graze_edge,
          nicolae_sub_lair_graze_edge], serial_bayou_shore_b
Lair:4:   layout_regular_city, basic_altar, lemuel_fruit_tree,
          lemuel_fruit_fields, uniq_josephine
Lair:5:   hellmonk_lair_end_abyssal_woods, layout_regular_city,
          dpeg_slime_entry_enclosed, serial_bayou_pond_a
Swamp:1:  layout_basic_swamp, evilmike_swamp_ruin_house_3
Swamp:2:  layout_falls_marsh, portal_ice_cave_entry_frozen_things,
          evilmike_swamp_ruin_house_4, uniq_nikola
Swamp:3:  layout_basic_swamp, serial_swamp_ruin, evilmike_swamp_ruin_rubble_1,
          evilmike_swamp_ruin_house_2, evilmike_swamp_ruin_house_1,
          infiniplex_staircase_pool, uniq_jorgrun
Swamp:4:  swamp_vile, layout_basic_swamp, uniq_mlioglotl
Spider:1: layout_spider_delve, nicolae_spider_nooks_and_crannies, uniq_aizul
Spider:2: layout_cave_pods, nicolae_looking_at_the_future,
          hangedman_spider_tarantella_strand
Spider:3: layout_chambers, uniq_arachne
Spider:4: hellmonk_spider_rune_endless_swarm, nicolae_spider_baby_got_redback
Orc:1:    layout_caves
Orc:2:    st_orc_congregation, layout_diamond_mine, serial_shops, shop, shop
Elf:1:    eino_elf_arrival_shootout, layout_rooms,
          portal_desolation_entry_holy_temple, minivault_28
Desolation

Skill      XL: |  1  2  3  4  5  6  7  8  9 10 11 12 13 14 15 16 17 18 |
---------------+-------------------------------------------------------+-----
Long Blades    | 4 5 6 8 11 13 14 | 14.4
Short Blades   | 2 6 |  6.9
Stealth        | 2 3 |  3.1
Translocations | 4 5 6 11 12 | 12.0
Throwing       | 4 6 7 8 |  8.9
Dodging        | 3 6 8 9 11 12 13 | 13.0
Fighting       | 3 7 10 11 13 15 | 15.0
Shields        | 7 12 13 | 13.3
Invocations    | 4 7 8 9 10 | 10.0
Evocations     | 4 7 9 10 12 | 12.0
Air Magic      | 2 5 |  5.0
Transmutations | 5 7 |  7.0
Spellcasting   | 3 |  3.0

Action                     |  1- 3 |  4- 6 |  7- 9 | 10-12 | 13-15 | 16-18 || total
---------------------------+-------+-------+-------+-------+-------+-------++-------
  Melee: Long sword        |    94 |   103 |    20 |       |       |       ||   217
         Tailslap          |     7 |    18 |   118 |   242 |   472 |   245 ||  1102
         Punch             |     1 |     5 |     9 |    14 |       |       ||    29
         Dagger            |       |    44 |   742 |  1080 |  1626 |    15 ||  3507
         Great sword       |       |       |   151 |   222 |       |       ||   373
         Scimitar          |       |       |       |       |   235 |       ||   235
         Double sword      |       |       |       |       |   161 |    76 ||   237
         Demon blade       |       |       |       |       |       |  1623 ||  1623
   Fire: Orcbow            |       |       |    59 |       |       |       ||    59
  Throw: Boomerang         |       |       |     7 |    11 |    48 |    26 ||    92
         Dart              |       |       |     7 |    18 |     3 |       ||    28
         Throwing net      |       |       |     2 |     1 |       |       ||     3
         Javelin           |       |       |       |    11 |       |     2 ||    13
   Cast: Blink             |       |       |     1 |     1 |       |       ||     2
         Manifold Assault  |       |       |       |       |       |   288 ||   288
         Wereblood         |       |       |       |       |       |    26 ||    26
 Invoke: Reject Sacrifices |       |       |     1 |       |       |       ||     1
         Renounce Religion |       |       |     1 |       |       |       ||     1
         Heroism           |       |       |       |     6 |     1 |     1 ||     8
Ability: Breathe Lightning |       |       |     2 |     4 |     1 |     2 ||     9
  Evoke: Wand              |       |       |     1 |     2 |       |     7 ||    10
         Lightning rod     |       |       |       |     4 |     4 |    11 ||    19
         Condenser vane    |       |       |       |       |     3 |     2 ||     5
         Piece from Xom's  |       |       |       |       |       |     4 ||     4
         Phial of floods   |       |       |       |       |       |     1 ||     1
    Use: Scroll            |       |     1 |    10 |     8 |    13 |    13 ||    45
         Potion            |       |     2 |       |     3 |       |     3 ||     8
   Stab: Sleeping          |     3 |     3 |     9 |     8 |    14 |     7 ||    44
         Held in net/web   |       |       |     2 |     2 |       |       ||     4
         Distracted        |       |       |       |       |     2 |       ||     2
 Armour: Skin              |    28 |    42 |   317 |   425 |   391 |   481 ||  1684
  Dodge: Dodged            |    58 |    57 |   490 |   740 |   503 |   609 ||  2457
  Block: Kite shield       |       |       |       |    42 |  1254 |  1126 ||  2422
         Buckler           |       |       |       |    21 |       |       ||    21

Table legend: (Time is in decaauts)
 A = Elapsed time spent in this place.
 B = Non-inter-level travel time spent in this place.
 C = Inter-level travel time spent in this place.
 D = Time resting spent in this place.
 E = Time spent auto-exploring this place.
 F = Levels seen in this place.
 G = Mean time per level.
                   A        B        C        D        E       F      G
               +--------+--------+--------+--------+--------+-----+--------+
         Total |  39713 |  35644 |   4069 |   2990 |  23045 |  38 | 1045.1 |
       Dungeon |  18348 |  16049 |   2299 |   1122 |  10835 |  15 | 1223.2 |
        Temple |     42 |     22 |     20 |      0 |      7 |   1 |   42.0 |
          Lair |   5692 |   4857 |    835 |    373 |   2931 |   5 | 1138.4 |
         Swamp |   3872 |   3545 |    327 |    674 |   1881 |   4 |  968.0 |
   Spider Nest |   7180 |   6931 |    249 |    272 |   5764 |   4 | 1795.0 |
  Orcish Mines |   2135 |   1799 |    336 |    258 |    848 |   2 | 1067.5 |
   Elven Halls |    305 |    305 |      0 |     37 |      0 |   1 |  305.0 |
         Trove |     60 |     60 |      0 |      0 |     29 |   1 |   60.0 |
         Sewer |    867 |    867 |      0 |      5 |    459 |   1 |  867.0 |
        Bailey |    690 |    690 |      0 |    240 |    110 |   1 |  690.0 |
      Ice Cave |     69 |     69 |      0 |      7 |     12 |   1 |   69.0 |
    Desolation |     18 |     18 |      0 |      0 |      0 |   1 |   18.0 |
      Gauntlet |    429 |    429 |      0 |      0 |    168 |   1 |  429.0 |
               +--------+--------+--------+--------+--------+-----+--------+

Top non-repeatable levels by time:
Spider:3: 2118 daAuts
    D:11: 2100 daAuts
Spider:4: 2066 daAuts
Spider:2: 1859 daAuts
  Lair:1: 1743 daAuts
     D:6: 1736 daAuts
    D:14: 1505 daAuts
     D:7: 1431 daAuts
 Swamp:4: 1394 daAuts
     D:9: 1371 daAuts
   Orc:2: 1335 daAuts
    D:13: 1250 daAuts
    D:15: 1185 daAuts
    D:10: 1153 daAuts
Spider:1: 1136 daAuts
